 Dungeon Sprint DCSS version bcrawl-1.28 (webtiles) character file.

Game seed: 4345503164052543624

115806 pasperui the Ruffian (level 2, -1/25 HPs)
             Began as a Naga Transmuter on Dec 10, 2020.
             Splashed by an oklob sapling's acid (12 damage)
             ... in the Dungeon (Sprint IV: "Fedhas' Mad Dash").
             The game lasted 00:00:28 (84 turns).

pasperui the Ruffian (Naga Transmuter)                Turns: 84, Time: 00:00:29

Health: -1/25      AC:  1    Str: 12    XL:     2   Next: 16%
Magic:  4/5        EV: 10    Int: 13    God:
Gold:   0          SH:  0    Dex: 11    Spells: 4/5 levels left

rFire    . . .     SeeInvis +     - Fists (8.9)
rCold    . . .     Gourm    .   (no shield)
rNeg     . . .     Faith    .   b - +0 robe
rPois    +         Spirit   .   (helmet currently unavailable)
rElec    .         Reflect  .   (no cloak)
rCorr    .         Harm     .   (no gloves)
MR       .....     NoTele   +   (no barding)
Stlth    +.........             (no amulet)
HPRegen  0.08/turn              (no ring)
MPRegen  0.09/turn              (no ring)

@: appendage, very slow
A: large, horns 3, see invisible, deformed body, poison resistance, slowness 2,
slow metabolism 1, spit poison 1, AC +0
a: Spit Poison, End Transformation


You were in the Dungeon.
You were not hungry.
You had grown temporary horns.
You visited 1 branch

Inventory:

Missiles
 a - 120 arrows
Armour
 b - a +0 robe (worn)
Scrolls
 k - a scroll of blinking
Potions
 d - a potion of lignification
 f - a potion of curing
 g - a potion of heal wounds
 h - a potion of haste
 i - 2 potions of magic
 j - a potion of berserk rage
Comestibles
 c - a chunk of flesh
 e - a ration {!d}


   Skills:
 - Level 1.0 Fighting
 - Level 1.5 Dodging
 * Level 5.2 Unarmed Combat
 - Level 2.0 Spellcasting
 - Level 2.0 Transmutations


You had 4 spell levels left.
You knew the following spells:

 Your Spells              Type           Power        Failure   Level  Hunger
a - Beastly Appendage     Tmut           #.....       11%         1    None

Your spell library contained the following spells:

 Spells                   Type           Power        Failure   Level  Hunger
 Sticks to Snakes         Tmut           #.......     17%         2    ##.....
 Passwall                 Tmut/Erth      #.......     26%         2    ##.....
 Spider Form              Tmut/Pois      #..          45%         3    ####...
 Ice Form                 Ice/Tmut       #.......     86%         4    ######.
 Blade Hands              Tmut           #.........   97%         5    #######


Dungeon Overview and Level Annotations

Branches:
Dungeon (1/1)

Altars:

Annotations:
D exclusion: oklob sapling


Innate Abilities, Weirdness & Mutations

You cannot wear boots.
Your serpentine skin is tough. (AC +0)
You have supernaturally acute eyesight. (SInv)
Armour fits poorly on your strangely shaped body.
Your system is resistant to poisons. (rPois)
You cover ground very slowly.
You have a slow metabolism.
You can spit poison.
You have a pair of large horns on your head.


Message History

There is an open door here.
The helpless oklob sapling fails to defend itself.
You hit the oklob sapling but do no damage.
You hit the oklob sapling but do no damage.
You punch the oklob sapling.
The oklob sapling is lightly damaged.
You hit the oklob sapling but do no damage.
The oklob sapling is lightly damaged.
You hit the oklob sapling.
You headbutt the oklob sapling, but do no damage.
The oklob sapling is severely damaged.
You hit the oklob sapling but do no damage.
The oklob sapling is severely damaged.
You hit the oklob sapling but do no damage.
The oklob sapling is severely damaged.
The oklob sapling spits acid at you. The splash of acid hits you!
Ouch! That really hurt!
You are splashed with acid!
You die...

##################
#<..P#.....#.$$$$#
#PP..'.[...@.#
#PPPP#.....#P#
##############


You could see an oklob sapling.

Vanquished Creatures
  A river rat (D)
  A rat (D)
2 creatures vanquished.

Notes
Turn   | Place    | Note
-------+----------+-------------------------------------------
     0 | D        | pasperui the Naga Transmuter began the quest for the Orb.
     0 | D        | Reached XP level 1. HP: 18/18 MP: 3/3
    11 | D        | Reached skill level 5 in Unarmed Combat
    11 | D        | Reached XP level 2. HP: 16/25 MP: 3/5
    78 | D        | Noticed an oklob sapling
    84 | D        | Splashed by an oklob sapling's acid

Skill      XL: |  1 |
---------------+----+-----
Unarmed Combat | 5 |  5.2
Fighting       | |  1.0
Dodging        | |  1.5
Spellcasting   | |  2.0
Transmutations | |  2.0

Action                   || total
-------------------------++-------
Melee: Unarmed           ||    11
       Headbutt          ||     1
       Punch             ||     1
 Cast: Beastly Appendage ||     2
 Abil: Spit Poison       ||     1
 Stab: Sleeping          ||     1
Dodge: Dodged            ||     1
